 Dungeon Crawl Stone Soup version 0.30-a0-339-g89bb51ec76 (webtiles) character file.

Game seed: 14714849082745599953

20 hikkokomori the Digger (level 2, 0/20 HPs)
             Began as a Demigod Earth Elementalist on Nov 1, 2022.
             Slain by a rat (2 damage)
             ... on level 2 of the Dungeon.
             The game lasted 00:01:34 (911 turns).

hikkokomori the Digger (Demigod Earth Elementalist)  Turns: 911, Time: 00:01:35

Health: 0/20       AC:  2    Str:  9    XL:     2   Next: 42%
Magic:  1/7        EV: 12    Int: 17    God:
Gold:   95         SH:  0    Dex: 14    Spells: 4/5 levels left

rFire   . . .      SeeInvis .    f - +0 spear (flame)
rCold   . . .      Faith    .    (no shield)
rNeg    . . .      Spirit   .    a - +0 robe
rPois   .          Reflect  .    (no helmet)
rElec   .          Harm     .    (no cloak)
rCorr   .          Rampage  .    (no gloves)
Will    .....                    (no boots)
Stlth   ++........               (no amulet)
HPRegen 0.23/turn                (no ring)
MPRegen 0.10/turn                (no ring)

@: no status effects
A: high MP 1, forlorn, divine attributes
a: no special abilities


You were on level 2 of the Dungeon.
You visited 1 branch of the dungeon, and saw 2 of its levels.

You collected 95 gold pieces.

Inventory:

Hand Weapons
 f - a +0 spear of flaming (weapon)
Armour
 a - a +0 robe (worn)
Scrolls
 e - a scroll of poison {unknown}
 g - a scroll of teleportation {unknown}
Potions
 b - a potion of magic
 c - a potion of mutation {unknown}
 d - a potion of haste {unknown}
 h - a potion of curing {unknown}
 i - a potion of degeneration {unknown}
 j - a potion of invisibility {unknown}


   Skills:
 + Level 2.0 Dodging
 + Level 2.1 Stealth
 + Level 2.0 Spellcasting
 + Level 1.2 Transmutations
 + Level 2.9 Earth Magic


You had 4 spell levels left.
You knew the following spells:

 Your Spells              Type           Power      Damage    Failure   Level
a - Sandblast             Erth           22%        2d7       6%          1

Your spell library contained the following spells:

 Spells                   Type           Power      Damage    Failure   Level
 Passwall                 Tmut/Erth      6%         N/A       12%         2
 Cigotuvi's Dreadful Rot  Necr/Pois/Air  2%         N/A       28%         2
 Poisonous Vapours        Pois/Air       2%         N/A       28%         2
 Stone Arrow              Conj/Erth      12%        3d7       32%         3
 Mephitic Cloud           Conj/Pois/Air  1%         N/A       50%         3
 Petrify                  Tmut/Erth      8%         N/A       63%         4


Dungeon Overview and Level Annotations

Branches:
Dungeon (2/15)


Innate Abilities, Weirdness & Mutations

You have an increased reservoir of magic. (+10% MP)
You shall have no god before yourself.
Your divine heritage dramatically boosts your attributes as you level up.


Message History

The blast of sand hits the jackal but does no damage.
The jackal is almost dead.
The jackal closely misses you. The rat closely misses you.
The endoplasm freezes you.
You are frozen.
The jackal bites you. The jackal barely misses you. The endoplasm freezes you.
You are frozen.
* * * LOW HITPOINT WARNING * * *
The rat closely misses you.
You are too injured to fight recklessly!
You are too injured to fight recklessly!
You are too injured to fight recklessly!
Unknown command.
You are too injured to fight recklessly!
You are too injured to fight recklessly!
Casting: Sandblast (safe; 6% risk of failure)
Confirm with . or Enter, or press ? or * to list all spells.
Aiming: Sandblast (safe; 6% risk of failure)
Press: ? - help, Shift-Dir - straight line, f/p - jackal
Aim: a jackal (almost dead, 77% to hit)
The blast of sand hits the jackal.
You kill the jackal!
The jackal bites you but does no damage.
The jackal barely misses you. The endoplasm freezes you.
You are frozen.
* * * LOW HITPOINT WARNING * * *
The rat bites you but does no damage.
Unknown command.
Casting: Sandblast (safe; 6% risk of failure)
Confirm with . or Enter, or press ? or * to list all spells.
Aiming: Sandblast (safe; 6% risk of failure)
Press: ? - help, Shift-Dir - straight line, f - jackal
Aim: a jackal (77% to hit)
The blast of sand hits the jackal.
The jackal is severely wounded.
The jackal bites you.
* * * LOW HITPOINT WARNING * * *
The rat bites you.
You die...

#.^.......#
#.........#
#.........#
#.$...)...#
#....[....#
#.........#
#.........#
#..@J.....#
#.r†h.....#
#.......[.+
#.........#
#.......$.#
........###
.........#
...........


You could see an endoplasm, a jackal and a rat.

Vanquished Creatures
  A dart slug (D:1)
  2 endoplasms (D:1)
  A giant cockroach (D:1)
  2 goblins (D:1)
  A hobgoblin (D:1)
  A jackal (D:2)
  A frilled lizard (D:1)
  3 kobolds (D:1)
  6 rats (D:1)
18 creatures vanquished.

Notes
Turn   | Place    | Note
-------+----------+-------------------------------------------
     0 | D:1      | hikkokomori the Demigod Earth Elementalist began the quest
                  | for the Orb.
     0 | D:1      | Reached XP level 1. HP: 14/14 MP: 5/5
    97 | D:1      | Reached skill level 1 in Transmutations
   407 | D:1      | Reached XP level 2. HP: 20/20 MP: 5/7
   911 | D:2      | Slain by a rat

Illustrated notes

Levels and vault maps discovered:
D:1:      dpeg_arrival_tiny_f, layout_loops_ring
D:2:      kennysheep_big_flooded_room, layout_basic, basic_altar,
          chequers_ecumenical_altar_island, uniq_sigmund

Skill      XL: |  1  2 |
---------------+-------+-----
Transmutations | 1 |  1.2
Stealth        | 2 |  2.1
Dodging        | 2 |  2.0
Spellcasting   | 2 |  2.0
Earth Magic    | |  2.9

Action                   || total
-------------------------++-------
Melee: Spear             ||    13
 Cast: Sandblast         ||    30
 Stab: Sleeping          ||     1
Armor: Robe              ||     5
Dodge: Dodged            ||    17

Table legend: (Time is in decaauts)
 A = Elapsed time spent in this place.
 B = Non-inter-level travel time spent in this place.
 C = Inter-level travel time spent in this place.
 D = Time resting spent in this place.
 E = Time spent auto-exploring this place.
 F = Levels seen in this place.
 G = Mean time per level.
                   A        B        C        D        E       F      G
               +--------+--------+--------+--------+--------+-----+--------+
         Total |    926 |    908 |     18 |      0 |    782 |   2 |  463.0 |
       Dungeon |    926 |    908 |     18 |      0 |    782 |   2 |  463.0 |
               +--------+--------+--------+--------+--------+-----+--------+

Top non-repeatable levels by time:
     D:1: 917 daAuts
     D:2: 8 daAuts
